 Dungeon Crawl Stone Soup version 0.19-a0-231-gae044c8 (webtiles) character file.

223 Delvonshi the Caller (level 5, -5/42 HPs)
             Began as a Demonspawn Summoner on May 24, 2016.
             Was an Initiate of Sif Muna.
             Killed from afar by Clove's ghost (22 damage)
             ... with a bolt of negative energy
             ... on level 4 of the Dungeon.
             The game lasted 00:17:07 (5038 turns).

Delvonshi the Caller (Demonspawn Summoner)          Turns: 5038, Time: 00:17:08

Health: -5/42      AC:  2    Str:  8    XL:     5   Next: 66%
Magic:  5/8        EV: 11    Int: 18    God:    Sif Muna [......]
Gold:   160        SH:  0    Dex: 13    Spells: 3 memorised, 1 level left

rFire  . . .     SeeInvis +     C - +0 spear
rCold  . . .     Gourm    .     a - +0 robe
rNeg   . . .     Faith    .     (no shield)
rPois  .         Spirit   .     (helmet unavailable)
rElec  .         Dismiss  .     (no cloak)
rCorr  .         Reflect  .     (no gloves)
SustAt .         Harm     .     (no boots)
MR     .....                    (no amulet)
Stlth  +.........               (no ring)
                                (no ring)

@: heavily drained, not resistant to hostile enchantments, very unstealthy
A: antennae 3
a: Renounce Religion


You were on level 4 of the Dungeon.
You worshipped Sif Muna.
Sif Muna was noncommittal.
You were hungry.

You visited 1 branch of the dungeon, and saw 4 of its levels.

You collected 160 gold pieces.

Inventory:

Hand Weapons
 j - a cursed -3 mace
 w - a +0 blowgun
 C - a +0 spear (weapon)
Missiles
 h - 28 poisoned needles
 t - 5 steel tomahawks (quivered)
 v - 8 tomahawks
Armour
 a - a +0 robe (worn)
Jewellery
 u - an uncursed ring of fire {unknown}
Wands
 l - a wand of disintegration (14/24)
 B - a wand of random effects (34/48)
Scrolls
 d - 4 scrolls of remove curse {unknown}
 f - 2 scrolls of magic mapping {unknown}
 n - a scroll of enchant weapon {unknown}
 o - a scroll of fear {unknown}
 p - 2 scrolls of identify {unknown}
 x - a scroll of enchant armour {unknown}
 y - 3 scrolls of teleportation {unknown}
 z - a scroll of recharging {unknown}
Potions
 e - a potion of agility {unknown}
 i - a potion of resistance {unknown}
 k - 2 potions of haste {unknown}
 m - 2 potions of heal wounds {unknown}
 q - 2 potions of curing {unknown}
 s - a potion of ambrosia {unknown}
Books
 b - a book of Callings

   Spells                             Type                      Level
   a - Summon Small Mammal            Summoning                    1
   b - Call Imp                       Summoning                    2
   c - Call Canine Familiar           Summoning                    3
   d - Summon Guardian Golem          Hexes/Summoning              3
   e - Summon Lightning Spire         Summoning/Air                4
   f - Summon Ice Beast               Ice/Summoning                4
 A - a book of Frost

   Spells                             Type                      Level
   a - Freeze                         Ice                          1
   b - Throw Frost                    Conjuration/Ice              2
   c - Ozocubu's Armour               Charms/Ice                   3
   d - Throw Icicle                   Conjuration/Ice              4
   e - Summon Ice Beast               Ice/Summoning                4
Comestibles
 c - 3 bread rations
 g - a beef jerky
 r - a meat ration


   Skills:
 - Level 4.0(2.5) Fighting
 - Level 1.7(0.3) Dodging
 - Level 1.7(0.3) Stealth
 + Level 2.0(0.5) Spellcasting
 + Level 4.9(3.4) Summonings
 * Level 1.0(0.0) Air Magic
 - Level 2.0(0.5) Invocations


You had one spell level left.
You knew the following spells:

 Your Spells              Type           Power        Failure   Level  Hunger
a - Summon Small Mammal   Summ           ##..         6%          1    ##.....
b - Call Imp              Summ           ##......     10%         2    ###....
c - Summon Lightning Spi  Summ/Air       #.......     93%         4    #####..


Dungeon Overview and Level Annotations

Branches:
Dungeon (4/15)
 Temple: D:4-7

Altars:
Dithmenos
Fedhas
Kikubaaqudgha
Okawaru
Pakellas
Ru
Sif Muna
Yredelemnul

Annotations:
D:4 Clove's ghost, novice DrMo


Innate Abilities, Weirdness & Mutations

You have a pair of large antennae on your head. (SInv)


Message History

The puff of frost misses Clove's ghost.
Clove's ghost hits you.
Your white imp barely misses Clove's ghost.
Your iron imp barely misses Clove's ghost.
Your shadow imp completely misses Clove's ghost.
Clove's ghost breathes negative energy at you.
The bolt of negative energy hits you!
You feel drained.
Your white imp gestures at Clove's ghost.
The puff of frost hits Clove's ghost.
Your iron imp hits Clove's ghost.
Your shadow imp closely misses Clove's ghost.
Your white imp closely misses Clove's ghost.
Your iron imp hits Clove's ghost!
Clove's ghost breathes negative energy at you.
The bolt of negative energy hits you!
You feel drained.
Things that are here:
a mace; an orc corpse Your iron imp disappears in a puff of smoke!
Clove's ghost breathes negative energy at you.
The bolt of negative energy hits you!
You feel drained.
Ouch! That really hurt!
You die...

#...##########....####
##.## #.#.## ####
#.### . #.# ... #
#.### #'# #...# #.#
#### ###.# #.# #...
#.# ##.###.. #@####
##...##.#
#.##.####.....#.##
#.#.#{.{{{5.......
#.##.######.###5##
#.W..# ### #.## ######
#... ####


You could see Clove's ghost.

Vanquished Creatures
  A hound (D:4)
  An adder (D:3)
  A shadow imp (D:4)
  A worm (D:2)
  2 dart slugs
  A giant gecko (D:2)
  5 orcs
  3 giant cockroaches
  8 goblins
  5 hobgoblins
  2 quokkas
  8 bats
  3 giant newts (D:3)
  4 kobolds
  A quokka skeleton (D:4)
  2 rats (D:3)
48 creatures vanquished.

Vanquished Creatures (collateral kills)
  An ogre (D:4)
  An orc priest (D:3)
  4 gnolls (D:3)
  4 adders
  4 worms
  A dart slug (D:4)
  3 orcs (D:3)
  A ball python (D:3)
  A giant cockroach (D:3)
  A goblin (D:3)
  5 hobgoblins
  5 jackals
  A kobold (D:1)
  2 quokkas
  2 bats
  A giant gecko skeleton (D:3)
  2 rats
39 creatures vanquished.

Grand Total: 87 creatures vanquished

Notes
Turn   | Place    | Note
--------------------------------------------------------------
     0 | D:1      | Delvonshi the Demonspawn Summoner began the quest for the Orb.
     0 | D:1      | Reached XP level 1. HP: 13/13 MP: 3/3
   115 | D:1      | Reached skill level 1 in Fighting
   491 | D:1      | Found an iron altar of Okawaru.
   585 | D:1      | Gained mutation: You have a pair of small antennae on your head. [demonic ancestry]
   585 | D:1      | Reached XP level 2. HP: 15/21 MP: 5/5
   939 | D:2      | Learned a level 2 spell: Call Imp
  1089 | D:2      | Gained mutation: You have a pair of antennae on your head. [demonic ancestry]
  1089 | D:2      | Reached XP level 3. HP: 27/27 MP: 1/6
  1210 | D:2      | Found an ancient bone altar of Kikubaaqudgha.
  1210 | D:2      | Found a blossoming altar of Fedhas.
  1399 | D:2      | Found a deep blue altar of Sif Muna.
  1399 | D:2      | Found a basalt altar of Yredelemnul.
  1403 | D:2      | Found a sacrificial altar of Ru.
  1413 | D:2      | Became a worshipper of Sif Muna the Loreminder
  2260 | D:3      | Reached XP level 4. HP: 27/34 MP: 2/7
  2688 | D:3      | Found an oddly glowing altar of Pakellas.
  3159 | D:3      | Reached skill level 1 in Invocations
  3168 | D:3      | Found a shadowy altar of Dithmenos.
  3660 | D:3      | Gained mutation: You have a pair of large antennae on your head. (SInv) [demonic ancestry]
  3660 | D:3      | Reached XP level 5. HP: 20/41 MP: 3/8
  4149 | D:3      | Learned a level 4 spell: Summon Lightning Spire
  4633 | D:4      | Noticed an ogre
  4686 | D:4      | Killed an ogre
  4686 | D:4      | Reached skill level 1 in Air Magic
  5011 | D:4      | Noticed Clove's ghost (novice DrMo)
  5038 | D:4      | Killed from afar by Clove's ghost

Vault maps used:
D:1:      mrwooster_arrival_arrow, minmay_misc_feat_diagonals,
          okawaru_ov_weapons_minmay
D:2:      grunt_temple_overflow_growth_and_decay, grunt_temple_overflow_open
D:3:      grunt_dithmenos_smoke, lemuel_crystal_altar, minmay_mini_jars
D:4:      lemuel_crystal_altar

Skill      XL: |  1  2  3  4  5 |
---------------+----------------+-----
Fighting       | 1 2 3 4 |  4.0
Invocations    | 1 2 |  2.0
Air Magic      | 1 |  1.0
Dodging        | |  1.7
Stealth        | |  1.7
Spellcasting   | |  2.0
Summonings     | |  4.9

Action                   |  1- 3 |  4- 6 || total
-------------------------+-------+-------++-------
Melee: Unarmed           |    19 |       ||    19
       Spear             |   123 |   101 ||   224
 Cast: Summon Small Mamm |    12 |       ||    12
       Call Imp          |    22 |    28 ||    50
 Stab: Distracted        |     2 |       ||     2
       Sleeping          |     5 |     9 ||    14
  Eat: Chunk             |     6 |    10 ||    16
Armor: Robe              |    35 |     4 ||    39
Dodge: Dodged            |   106 |    60 ||   166
